 Dungeon Crawl Stone Soup version 0.29.1-2-gbd0b4ee654 (webtiles) character file.

Game seed: 9602678449167467562

157283 sanboga the Executioner (level 17, -1/158 HPs)
             Began as a Minotaur Monk on Nov 22, 2022.
             Was the Champion of Hepliaklqana.
             Succumbed to a naga ritualist's splash of poison
             ... on level 3 of the Snake Pit.
             The game lasted 00:43:14 (36960 turns).

sanboga the Executioner (Minotaur Monk)            Turns: 36960, Time: 00:43:14

Health: -1/158     AC: 30    Str: 30    XL:     17   Next: 12%
Magic:  9/16       EV: 10    Int:  8    God:    Hepliaklqana [******]
Gold:   892        SH:  5    Dex: 17    Spells: 16/16 levels left

rFire   . . .      SeeInvis .   a - +5 battleaxe (elec)
rCold   + . .      Faith    .   (shield currently unavailable)
rNeg    . . .      Spirit   .   g - +0 plate armour
rPois   +          Reflect  +   h - +1 hat
rElec   .          Harm     .   B - +2 cloak
rCorr   .          Rampage  .   z - +0 pair of gloves
Will    +....                   H - +2 pair of boots
Stlth   ..........              x - amulet of reflection
HPRegen 0.36/turn               O - ring of Altruism {rPois rC+ Int+3 Dex+4 Stlth-}
MPRegen 0.15/turn               I - +6 ring of strength

@: lethally poisoned (-1 -> -25)
A: reduced essence, horns 2, retaliatory headbutt, deterioration 1, dopey 1,
inability to drink after injury 1
a: Renounce Religion, Recall Ancestor, Ancestor Identity, Transference, Idealise


You were on level 3 of the Snake Pit.
You worshipped Hepliaklqana.
Hepliaklqana was exalted by your worship.
You visited 5 branches of the dungeon, and saw 26 of its levels.
You visited the Abyss 1 time.
You also visited: Gauntlet.

You collected 2917 gold pieces.
You spent 2025 gold pieces at shops.

Inventory:

Hand Weapons
 a - a +5 battleaxe of electrocution (weapon)
 b - a +0 broad axe of flaming
 G - the +4 battleaxe of Meager Cruel Justice {antimagic, Dex+2}
   (You took it off a minotaur in a Gauntlet)

   It reduces the magical energy of the wielder, and disrupts the spells and
   magical abilities of those it strikes.
   Natural abilities and divine invocations are not affected.
   Dex:       It affects your dexterity (+2).
Armour
 g - a +0 plate armour (worn)
 h - a +1 hat (worn)
 z - a +0 pair of gloves (worn)
 B - a +2 cloak (worn)
 H - a +2 pair of boots (worn)
Jewellery
 n - a ring of protection from cold
 x - an amulet of reflection (around neck)
 I - a +6 ring of strength (right hand)
 K - a ring of flight
 O - the ring of Altruism (left hand) {rPois rC+ Int+3 Dex+4 Stlth-}
   (You bought it in a shop on level 2 of the Orcish Mines)

   [ring of poison resistance]

   Int:       It affects your intelligence (+3).
   Dex:       It affects your dexterity (+4).
   rC:        It protects you from cold.
   rPois:     It protects you from poison.
   Stlth:     It makes you less stealthy.
 P - the ring "Unuim" {Fire Int+4}
   (You found it on level 5 of the Lair of Beasts)

   [ring of fire]

   It enhances your fire magic.
   Int:       It affects your intelligence (+4).
   rF:        It protects you from fire.
   rC:        It makes you vulnerable to cold.
Wands
 l - a wand of polymorph (8)
 s - a wand of flame (53)
 D - a wand of acid (7)
 E - a wand of iceblast (13)
 L - a wand of charming (18)
 N - a wand of mindburst (9)
Scrolls
 d - 5 scrolls of identify
 e - a scroll of brand weapon
 f - 8 scrolls of teleportation
 i - 2 scrolls of blinking
 m - 2 scrolls of silence
 r - 6 scrolls of enchant weapon
 u - 2 scrolls of poison
 v - 2 scrolls of fear
 F - 3 scrolls of magic mapping
 J - 3 scrolls of enchant armour
Potions
 c - 11 potions of ambrosia
 j - 5 potions of might
 k - 8 potions of curing
 o - 5 potions of heal wounds
 p - a potion of flight
 q - 3 potions of cancellation
 t - 3 potions of mutation
 w - 2 potions of resistance
 C - 3 potions of haste
 M - a potion of invisibility
 Q - a potion of berserk rage


   Skills:
 + Level 21.9 Fighting
 * Level 25.6 Axes
 + Level 21.2 Armour
 - Level 3.2 Dodging
 - Level 1.5 Stealth


You had 16 spell levels left.
You didn't know any spells.
Your spell library contained the following spells:

 Spells                   Type           Power      Damage    Failure   Level
 Beastly Appendage        Tmut           0%         N/A       86%         1
 Foxfire                  Conj/Fire      0%         2x1d4     86%         1
 Sandblast                Erth           0%         2d4       86%         1
 Slow                     Hex            0%         N/A       86%         1
 Sting                    Tmut/Pois      0%         1d3       86%         1
 Summon Small Mammal      Summ           0%         N/A       86%         1
 Passwall                 Tmut/Erth      0%         N/A       94%         2
 Poisonous Vapours        Pois/Air       0%         N/A       94%         2
 Static Discharge         Conj/Air       0%         3-3/arc   94%         2
 Wereblood                Tmut           0%         N/A       94%         2
 Call Canine Familiar     Summ           0%         N/A       99%         3
 Confusing Touch          Hex            0%         N/A       99%         3
 Conjure Flame            Conj/Fire      0%         6-21      99%         3
 Dazzling Flash           Conj/Hex       0%         N/A       99%         3
 Gell's Gravitas          Tloc           0%         N/A       99%         3
 Inner Flame              Hex/Fire       0%         N/A       99%         3
 Ozocubu's Armour         Ice            0%         N/A       99%         3
 Spider Form              Tmut/Pois      0%         N/A       99%         3
 Stone Arrow              Conj/Erth      0%         3d7       99%         3
 Summon Guardian Golem    Hex/Summ       0%         N/A       99%         3
 Teleport Other           Tloc           0%         N/A       99%         3
 Vampiric Draining        Necr           0%         2d6       99%         3
 Airstrike                Air            0%         2d(0-16)  100%        4
 Anguish                  Hex/Necr       0%         N/A       100%        4
 Flame Wave               Conj/Fire      0%         2d4       100%        4
 Hailstorm                Conj/Ice       0%         3d3       100%        4
 Olgreb's Toxic Radiance  Pois           0%         N/A       100%        4
 Summon Ice Beast         Ice/Summ       0%         N/A       100%        4
 Summon Lightning Spire   Summ/Air       0%         N/A       100%        4
 Agony                    Necr           0%         N/A       100%        5
 Fireball                 Conj/Fire      0%         3d3       100%        5
 Lightning Bolt           Conj/Air       0%         1d11      100%        5
 Metabolic Englaciation   Hex/Ice        0%         N/A       100%        5
 Silence                  Hex/Air        0%         N/A       100%        5
 Summon Mana Viper        Hex/Summ       0%         N/A       100%        5
 Dispersal                Tloc           0%         N/A       100%        6
 Simulacrum               Ice/Necr       0%         N/A       100%        6
 Starburst                Conj/Fire      0%         6d3       100%        6
 Enfeeble                 Hex            0%         N/A       100%        7
 Monstrous Menagerie      Summ           0%         N/A       100%        7
 Ozocubu's Refrigeration  Ice            0%         4d7       100%        7
 Ignition                 Fire           0%         3d3       100%        8
 Maxwell's Capacitive Co  Air            0%         ∞         100%        8


Dungeon Overview and Level Annotations

Branches:
Dungeon (15/15)            Temple (1/1) D:7            Lair (5/5) D:9
 Shoals (0/4) Lair:3        Snake (3/4) Lair:3        Slime (0/5) Lair:5
    Orc (2/2) D:9             Elf (0/3) Orc:2        Vaults (0/5) D:14
 Depths (0/4) D:15        Gauntlet (visited)

Altars:
Ashenzari
Cheibriados
Dithmenos
Elyvilon
Fedhas
Gozag
Hepliaklqana
Kikubaaqudgha
Makhleb
Nemelex Xobeh
Okawaru
Qazlal
Ru
Sif Muna
Trog
Uskayaw
Vehumet
Wu Jian
Xom
Yredelemnul
Zin
The Shining One
Jiyva

Shops:
D:10 :   D:12 (   D:14 *   Orc:2 =!(*   Snake:1 :=:(

Portals:
Abyss: Lair:5
Pandemonium: Orc:2
Trove: D:12 (give 20 potions of curing)


Innate Abilities, Weirdness & Mutations

Your life essence is reduced to manifest your ancestor. (-10% HP)
You have a pair of horns on your head.
You reflexively headbutt those who attack you in melee.
Your body sometimes deteriorates upon taking damage.
You are dopey. (Int -2)
You occasionally lose the ability to drink potions when taking damage.


Message History

The naga ritualist begins to radiate toxic energy.
The naga hits you but does no damage.
You slice the naga sharpshooter!!
The naga sharpshooter is heavily wounded.
You slice the naga mage!!
You kill the naga mage!
You barely miss the naga mage. You slice the naga ritualist!!
You feel very sick.
* * * LOW HITPOINT WARNING * * *
You are more poisoned.
The naga mage hits you but does no damage.
The naga mage grabs you. The naga mage constricts you.
Quill hits the naga mage with a +0 dagger of draining.
Quill drains the naga mage.
The naga mage dies!
You feel your intelligence returning.
You barely miss the naga ritualist.
Your headbutt misses the naga ritualist.
The naga ritualist is moderately wounded.
You slash the naga sharpshooter!
* * * LOW HITPOINT WARNING * * *
You feel very sick.
The naga sharpshooter gestures wildly while chanting.
The naga sharpshooter magically shoots an arrow.
The arrow hits you!
* * * LOW HITPOINT WARNING * * *
The naga ritualist spits poison at you. The splash of poison hits you.
You are more poisoned.
You resist.
* * * LOW HITPOINT WARNING * * *
The naga hits you from afar with a +0 glaive.
* * * LOW HITPOINT WARNING * * *
You barely miss the naga ritualist.
Your headbutt misses the naga ritualist.
The naga ritualist is moderately wounded.
You slice the naga sharpshooter!!
You kill the naga sharpshooter!
You hit the naga sharpshooter.
You die...

#...........'....
#.........>.####.
#.........R.#..#.
###########.#.<#.
#######...........<.#.
.................#....
#########.##########.#..
#.....))...#####........
......R@.†....$.........
#....N)NN..#####........
#....NN....# #........
#..........# #).[.....
#..........# #).[.....
#..........# ###.)[.....
#########.## #..........
.. #R#........
#.#........


You could see the friendly Quill the hexer, 2 naga sharpshooters, a naga
ritualist (toxic aura, catching breath, ally target) and 2 nagas.

Vanquished Creatures
  Jorgrun (Snake:1)
  2 tentacled starspawn (Abyss:2)
  An Executioner (Abyss:2)
  Gastronok (D:8)
  Kirke (D:12)
  2 nagarajas (Snake:2)
  Aizul (Snake:3)
  The ghost of Ciageutz the Thaumaturge, a journeyman GnHW of Sif Muna (Snake:2)
  A caustic shrike zombie (D:15)
  The ghost of Jingleheimer the Brawler, a journeyman TrFi of Wu Jian (Lair:5)
  A minotaur (Gauntlet)
  Fannar (Orc:1)
  7 hydras
  3 boulder beetles
  Erica (D:8)
  A demonspawn (Orc:2)
  6 anacondas
  3 naga warriors (Snake:1)
  A catoblepas (Lair:5)
  5 two-headed ogres
  15 death yaks
  2 centaur warriors
  2 tengu warriors
  2 thrashing horrors (Abyss:2)
  4 shock serpents
  4 naga sharpshooters
  5 orc high priests (Orc:2)
  A soul eater (Lair:5)
  2 salamander mystics (Snake:2)
  A spriggan (Lair:5)
  2 sixfirhies
  A fire crab (Gauntlet)
  A storm dragon skeleton (D:15)
  4 skeletal warriors
  A wretched star (Abyss:2)
  A flayed ghost (D:15)
  2 naga ritualists
  A wizard (Gauntlet)
  7 orc knights
  2 necromancers
  3 deep elf pyromancers
  A mana viper (shapeshifter) (D:12)
  5 ugly things
  6 mana vipers
  7 orc sorcerers
  13 salamanders
  7 cyclopes
  22 black mambas
  20 elephants
  8 naga magi
  4 manticores
  4 molten gargoyles (D:13)
  3 guardian serpents
  A gargoyle (D:14)
  An apocalypse crab (Abyss:2)
  4 torpor snails
  A smoke demon (Orc:2)
  An orange demon (Orc:2)
  12 cane toads
  A rime drake (Lair:4)
  A kobold demonologist (D:10)
  7 komodo dragons
  A spriggan zombie (D:15)
  2 tengu conjurers
  An efreet (Abyss:2)
  A freezing wraith (D:14)
  5 polar bears
  7 trolls
  A meliai (D:12)
  3 hornets
  6 blink frogs
  A tyrant leech (Gauntlet)
  A raiju (Gauntlet)
  4 dream sheep
  Sigmund (D:3)
  41 yaks
  2 vampires
  A shadow (D:11)
  5 wyverns
  A human (shapeshifter) (D:15)
  3 wraiths
  2 steam dragons
  3 basilisks
  A chaos spawn (Abyss:2)
  3 fire bats (Gauntlet)
  2 neqoxecs (Abyss:2)
  4 humans (D:12)
  2 vampire mosquitoes (D:13)
  23 nagas
  3 large abominations (Abyss:2)
  4 swamp worms (Gauntlet)
  14 water moccasins
  5 wargs
  32 orc warriors
  An ice beast (D:6)
  A sky beast (D:7)
  3 black bears
  9 starcursed masses (Abyss:2)
  5 ogres
  6 wolves
  8 centaurs
  A phantom (D:5)
  A kobold brigand (D:7)
  8 bullfrogs
  A scorpion (D:9)
  7 wights (D:7)
  15 killer bees
  3 howler monkeys
  3 small abominations (Abyss:2)
  6 hounds
  13 jellies
  25 orc priests
  A quasit (Abyss:2)
  2 gnoll boudas
  2 iguanas
  13 orc wizards
  9 hell rats
  A lightning spire (Gauntlet)
  21 gnolls
  8 adders
  7 river rats (Lair:3)
  2 shadow imps
  3 white imps (Gauntlet)
  An ufetubus (Gauntlet)
  4 worms
  A dart slug (D:1)
  84 orcs
  9 endoplasms
  7 giant cockroaches
  11 goblins
  5 hobgoblins
  6 jackals
  3 quokkas
  7 ball pythons
  3 bats
  9 kobolds
  12 rats
  A spectral orc (D:7)
  A starspawn tentacle (Abyss:2)
767 creatures vanquished.

Vanquished Creatures (collateral kills)
  A boulder beetle (Lair:4)
  2 catoblepae (Lair:5)
  2 hydras
  A salamander tyrant (Snake:2)
  An anaconda (Snake:1)
  2 death yaks
  2 shock serpents
  An orc high priest (Orc:2)
  A thrashing horror (Lair:5)
  A skeletal warrior (D:11)
  A naga ritualist (Snake:2)
  A fire giant zombie (D:15)
  A salamander (Snake:2)
  2 manticores
  2 elephants (Lair:3)
  A molten gargoyle (D:13)
  A torpor snail (Lair:5)
  3 naga magi
  3 black mambas
  2 cane toads (Lair:1)
  Maggie (D:8)
  A rime drake (Lair:5)
  A komodo dragon (Lair:5)
  A tengu conjurer (D:11)
  A queen bee (D:12)
  2 meliai (D:12)
  A troll (D:14)
  A dream sheep (Lair:3)
  A wind drake (Lair:3)
  3 blink frogs
  A ynoxinul (Abyss:2)
  2 wraiths
  A human (D:12)
  A hog (D:12)
  7 yaks
  A warg (Orc:2)
  2 nagas
  2 water moccasins
  2 sky beasts (D:7)
  6 orc warriors
  A centaur (D:13)
  2 wights (D:7)
  11 killer bees
  A quasit (Abyss:2)
  2 orc priests
  An iron imp (Abyss:2)
  A gnoll bouda (D:7)
  An orc wizard (Orc:1)
  2 hell rats (Lair:4)
  3 gnolls (D:7)
  3 river rats (Lair:3)
  3 ufetubi (Gauntlet)
  15 orcs
  A rat (Lair:3)
116 creatures vanquished.

Vanquished Creatures (others)
  A wizard (Gauntlet)
  A cyclops (D:12)
  A human (D:12)
  An orc priest (D:7)
  17 hexers
  A shadow imp (Gauntlet)
  27 fungi
  63 plants
  A starspawn tentacle (Abyss:2)
  7 withered plants (D:15)
120 creatures vanquished.

Grand Total: 1003 creatures vanquished

Notes
Turn   | Place    | Note
-------+----------+-------------------------------------------
     0 | D:1      | sanboga the Minotaur Monk began the quest for the Orb.
     0 | D:1      | Reached XP level 1. HP: 19/19 MP: 0/0
   138 | D:1      | Reached skill level 4 in Axes
   144 | D:1      | Reached XP level 2. HP: 22/27 MP: 1/1
   183 | D:1      | Reached skill level 1 in Armour
   627 | D:1      | Reached XP level 3. HP: 30/33 MP: 2/2
  1151 | D:2      | Identified the +3 ring mail "Geint" {Int+7}
  1545 | D:2      | Reached XP level 4. HP: 33/41 MP: 3/3
  1625 | D:2      | Reached skill level 5 in Axes
  1791 | D:3      | Found a faded altar of an unknown god.
  2031 | D:3      | Identified the +2 mace "Demon's Nightmare" {pain, rC+}
  2074 | D:3      | Found a shadowy altar of Dithmenos.
  2077 | D:3      | Found a snail-covered altar of Cheibriados.
  2477 | D:3      | Reached XP level 5. HP: 42/47 MP: 4/4
  2917 | D:3      | Noticed Sigmund
  3062 | D:3      | Killed Sigmund
  3063 | D:3      | Reached skill level 5 in Fighting
  3063 | D:3      | Reached skill level 6 in Axes
  3063 | D:3      | Reached XP level 6. HP: 47/56 MP: 5/5
  4111 | D:4      | Reached skill level 7 in Axes
  4386 | D:5      | Entered Level 5 of the Dungeon
  4407 | D:5      | Found a shimmering blue altar of Sif Muna.
  4414 | D:5      | Found a blossoming altar of Fedhas.
  4519 | D:5      | Reached XP level 7. HP: 48/62 MP: 6/6
  5428 | D:6      | Found a radiant altar of Vehumet.
  5438 | D:6      | Reached skill level 8 in Axes
  5629 | D:6      | Noticed a steam dragon
  5644 | D:6      | Killed a steam dragon
  5645 | D:6      | Reached skill level 5 in Armour
  6029 | D:6      | Reached XP level 8. HP: 64/71 MP: 7/7
  6193 | D:6      | Found a sparkling altar of Nemelex Xobeh.
  6234 | D:6      | Reached skill level 9 in Axes
  6382 | D:6      | Found a glowing golden altar of the Shining One.
  6490 | D:7      | Found a staircase to the Ecumenical Temple.
  6498 | Temple   | Entered the Ecumenical Temple
  7080 | D:7      | Reached skill level 10 in Axes
  7439 | D:7      | Found a hazy altar of Hepliaklqana.
  7450 | D:7      | Became a worshipper of Hepliaklqana the Forgotten
  7450 | D:7      | Reached * piety under Hepliaklqana
  7450 | D:7      | Reached ** piety under Hepliaklqana
  7451 | D:7      | Remembered your ancestor Quill as a hexer
  7566 | D:7      | Reached XP level 9. HP: 35/72 MP: 8/8
  7802 | D:7      | Reached skill level 11 in Axes
  8744 | D:8      | Noticed Maggie
  8758 | D:8      | Killed Maggie
  8759 | D:8      | Reached skill level 12 in Axes
  9018 | D:8      | Noticed Gastronok
  9039 | D:8      | Killed Gastronok
  9040 | D:8      | Reached XP level 10. HP: 49/81 MP: 9/9
  9555 | D:8      | Noticed Erica
  9562 | D:8      | Killed Erica
  9563 | D:8      | Reached skill level 13 in Axes
 10102 | D:9      | Found a staircase to the Lair.
 10110 | D:9      | Reached skill level 10 in Fighting
 10333 | D:9      | Noticed a two-headed ogre
 10340 | D:9      | Killed a two-headed ogre
 10343 | D:9      | Reached skill level 14 in Axes
 10858 | D:9      | Found a staircase to the Orcish Mines.
 11364 | D:9      | Reached skill level 10 in Armour
 11605 | Orc:1    | Entered Level 1 of the Orcish Mines
 11621 | D:10     | Entered Level 10 of the Dungeon
 11910 | D:10     | Reached *** piety under Hepliaklqana
 11927 | D:10     | Found Asofuc's Self-Improvement Boutique.
 12007 | D:10     | Reached XP level 11. HP: 90/90 MP: 10/10
 12407 | D:11     | Noticed a two-headed ogre
 12413 | D:11     | Killed a two-headed ogre
 12700 | D:11     | Noticed a two-headed ogre
 12708 | D:11     | Killed a two-headed ogre
 12709 | D:11     | Reached skill level 15 in Axes
 13558 | D:11     | Noticed a skeletal warrior
 13558 | D:11     | Noticed a skeletal warrior
 13559 | D:11     | Noticed a skeletal warrior
 13583 | D:10     | Killed a skeletal warrior
 13843 | D:11     | Killed a skeletal warrior
 13844 | D:11     | Reached skill level 16 in Axes
 14163 | D:11     | Killed a skeletal warrior
 14376 | D:12     | Found Siewi's Antique Weapon Boutique.
 14377 | D:12     | Noticed a seven-headed hydra
 14384 | D:12     | Killed a five-headed hydra
 14390 | D:12     | Bought a glowing battleaxe for 285 gold pieces
 14456 | D:12     | Noticed Kirke
 14461 | D:12     | Noticed a lindwurm
 14467 | D:12     | Killed Kirke
 14529 | D:12     | Found a portal to a secret trove of treasure.
 14538 | D:12     | Reached **** piety under Hepliaklqana
 14557 | D:12     | Reached XP level 12. HP: 100/100 MP: 11/11
 15146 | D:12     | Reached skill level 17 in Axes
 15157 | D:12     | Noticed a seven-headed hydra
 15164 | D:12     | Killed a four-headed hydra
 16066 | D:13     | Found a gate leading to a gauntlet.
 16075 | Gauntlet | Entered a Gauntlet
 16075 | Gauntlet | Found a transporter.
 16084 | Gauntlet | Found a transporter.
 16087 | Gauntlet | Found a transporter.
 16088 | Gauntlet | Found a transporter.
 16096 | Gauntlet | Found a transporter.
 16099 | Gauntlet | Found a transporter.
 16100 | Gauntlet | Found a transporter.
 16111 | Gauntlet | Found a transporter.
 16111 | Gauntlet | Found a transporter.
 16112 | Gauntlet | Found a transporter.
 16121 | Gauntlet | Found a transporter.
 16123 | Gauntlet | Found a transporter.
 16124 | Gauntlet | Found a transporter.
 16132 | Gauntlet | Found a transporter.
 17002 | Gauntlet | Reached skill level 18 in Axes
 17058 | Gauntlet | Identified the +4 battleaxe of Meager Cruel Justice
                  | {antimagic, Dex+2}
 17058 | Gauntlet | Noticed a minotaur
 17073 | Gauntlet | Killed a minotaur
 17519 | D:13     | Noticed a centaur warrior
 17524 | D:13     | Noticed a tengu warrior
 17525 | D:13     | Killed a centaur warrior
 17528 | D:13     | Noticed a boulder beetle
 17531 | D:13     | Killed a tengu warrior
 17545 | D:13     | Killed a boulder beetle
 17732 | D:13     | Reached XP level 13. HP: 105/110 MP: 12/12
 18604 | D:14     | Found Ugrebroig's Assorted Antiques.
 18614 | D:14     | Bought a brown potion for 37 gold pieces
 18793 | D:14     | Identified the +3 shortbow "Ryfet" {venom, rF+ MP-9 SInv
                  | Stlth+}
 18794 | D:14     | Found an ancient bone altar of Kikubaaqudgha.
 18872 | D:14     | Reached skill level 19 in Axes
 18872 | D:14     | Found a gate to the Vaults.
 19430 | D:14     | Reached ***** piety under Hepliaklqana
 19989 | D:15     | Entered Level 15 of the Dungeon
 21125 | D:15     | Found a staircase to the Depths.
 21504 | D:14     | Reached skill level 20 in Axes
 21674 | D:15     | Reached skill level 15 in Fighting
 21875 | D:10     | Bought a manual of Armour for 880 gold pieces
 22412 | Lair:1   | Entered Level 1 of the Lair of Beasts
 22828 | Lair:1   | Reached XP level 14. HP: 121/121 MP: 13/13
 23300 | Lair:2   | Reached skill level 15 in Armour
 23503 | Lair:2   | Got the Tractate on Arcane Weapons
 24220 | Lair:3   | Reached skill level 21 in Axes
 24830 | Lair:3   | You fall into a shaft and drop 1 floor!
 25543 | Lair:3   | Reached ****** piety under Hepliaklqana
 25580 | Lair:3   | Found a staircase to the Shoals.
 25666 | Lair:3   | Found a staircase to the Snake Pit.
 26218 | Lair:4   | Reached skill level 22 in Axes
 27076 | Lair:5   | Entered Level 5 of the Lair of Beasts
 27092 | Lair:5   | Reached XP level 15. HP: 112/134 MP: 14/14
 27154 | Lair:5   | Found a staircase to the Slime Pits.
 27155 | Lair:5   | Found a viscous altar of Jiyva.
 27488 | Lair:5   | Noticed Jingleheimer's ghost (journeyman TrFi)
 27489 | Lair:5   | Found a one-way gate to the infinite horrors of the Abyss.
 28043 | Lair:5   | Found a transporter.
 28158 | Lair:5   | Found a snail-covered altar of Cheibriados.
 28163 | Lair:5   | Reached skill level 23 in Axes
 28513 | Lair:5   | Found a transporter.
 28729 | Abyss:2  | Found a corrupted altar of Lugonu.
 28729 | Abyss:2  | Cast into level 2 of the Abyss (spriggan rider)
 28762 | Abyss:2  | Noticed an Executioner
 28768 | Abyss:2  | Killed an Executioner
 28877 | Abyss:2  | Gained mutation: Your body sometimes deteriorates upon
                  | taking damage. [a neqoxec]
 28878 | Abyss:2  | Gained mutation: You are dopey. (Int -2) [a neqoxec]
 28883 | Abyss:2  | Gained mutation: You occasionally lose the ability to drink
                  | potions when taking damage. [a neqoxec]
 29055 | Abyss:2  | Noticed a tentacled starspawn
 29060 | Abyss:2  | Killed a tentacled starspawn
 29074 | Abyss:2  | Noticed a tentacled starspawn
 29077 | Abyss:2  | Killed a tentacled starspawn
 29249 | Lair:5   | Escaped the Abyss
 29273 | Lair:5   | Killed Jingleheimer's ghost
 29555 | Lair:5   | Identified the ring "Unuim" {Fire Int+4}
 29840 | Orc:1    | Noticed Fannar
 29848 | Orc:1    | Killed Fannar
 30072 | Orc:2    | Entered Level 2 of the Orcish Mines
 30178 | Orc:2    | Found a staircase to the Elven Halls.
 30339 | Orc:2    | Found Soimi's General Store.
 30352 | Orc:2    | Found Dosuqeth's Distillery.
 30374 | Orc:2    | Reached XP level 16. HP: 68/145 MP: 15/15
 30652 | Orc:2    | Bought a potion of berserk rage for 80 gold pieces
 30652 | Orc:2    | Bought a potion of heal wounds for 80 gold pieces
 30652 | Orc:2    | Bought 2 potions of lignification for 96 gold pieces
 30706 | Orc:2    | Reached skill level 24 in Axes
 30726 | Orc:2    | Found Kenwezez's Antique Weapon Shoppe.
 30726 | Orc:2    | Found Zuuv's Jewellery Emporium.
 30726 | Orc:2    | Found a one-way gate leading to the halls of Pandemonium.
 30743 | Orc:2    | Bought the ring of Altruism {rPois rC+ Int+3 Dex+4 Stlth-}
                  | for 567 gold pieces
 32069 | Snake:1  | Entered Level 1 of the Snake Pit
 32134 | Snake:1  | Noticed Jorgrun
 32147 | Snake:1  | Killed Jorgrun
 32470 | Snake:1  | Found Nathraro's Book Boutique.
 32471 | Snake:1  | Found Zytuv's Jewellery Emporium.
 32472 | Snake:1  | Found Urene's Book Boutique.
 33415 | Snake:1  | Found Ruirch's Weapon Emporium.
 34312 | Snake:2  | HP: 7/150 [poisoned by a black mamba]
 34348 | Snake:2  | HP: 7/150 [poisoned by a naga mage (bolt of poison)]
 34705 | Snake:2  | Reached skill level 25 in Axes
 35491 | Snake:2  | Found a runed translucent door.
 35721 | Snake:2  | Noticed Ciageutz's ghost (journeyman GnHW)
 35752 | Snake:2  | Killed Ciageutz's ghost
 36183 | Snake:3  | Reached XP level 17. HP: 43/158 MP: 16/16
 36648 | Snake:3  | Noticed Aizul
 36661 | Snake:3  | Killed Aizul
 36959 | Snake:3  | HP: 6/158 [naga sharpshooter/arrow (12)]
 36960 | Snake:3  | Succumbed to a naga ritualist's splash of poison

Illustrated notes

Levels and vault maps discovered:
D:1:      wheals_arrival_linesprint, layout_rooms
D:2:      layout_basic, nicolae_figureground_sparkle
D:3:      minmay_inner_zag, layout_loops_corners, minitemple,
          shapermc_ecumenical_altar_venn, amcnicky_mini_pool_small, uniq_sigmund
D:4:      layout_loops_ring
D:5:      layout_layer_cave, grunt_temple_overflow_open
D:6:      layout_basic, mainiacjoe_overflow_small_starburst,
          hangedman_feature_mirror
D:7:      layout_basic, nicolae_hepliaklqana_monster_ancestors,
          minmay_temple_entry_drinking_statues
D:8:      layout_basic, uniq_gastronok, uniq_maggie, uniq_erica
D:9:      layout_rooms, grunt_lair_entry_orc_guard_hut, hiddenorc2_lemuel,
          serial_rivers, chequers_serial_rivers_small_3,
          chequers_serial_rivers_micro_c, chequers_serial_rivers_small_b,
          chequers_serial_rivers_large_a, chequers_serial_rivers_micro_c
D:10:     layout_irregular_city, nicolae_shop_self_help
D:11:     layout_basic, kennysheep_flooded_box
D:12:     layout_roguey [special_room_orc], serial_shops, nicolae_stop_n_shop_1,
          nicolae_trove_entry_isolated, special_room [special_room_bee],
          uniq_kirke
D:13:     cheibrodos_statue_roulette, layout_rooms, gauntlet_entry_generic
D:14:     layout_gridville, david_vaults_1, serial_shops, shop,
          nicolae_kikubaaqudgha_miasma_corner
D:15:     gammafunk_depths_entry_grave, layout_long_grid, chequers_mini_garden
Temple:   regret_index_temple_sphere_string
Lair:1:   layout_big_grid, beast_lair_carwin_1, grunt_megastairs_1,
          serial_bayou_shore_b
Lair:2:   layout_regular_city
Lair:3:   layout_regular_city, minmay_shoals_entry_beasts,
          minmay_snake_entry_guardpost_medium, kennysheep_abandoned_house
Lair:4:   nzn_winding_woodlands_stair_trap [nzn_winding_woodlands_5x15_pockets,
          nzn_winding_woodlands_5x15_longhouse,
          nzn_winding_woodlands_5x15_sidewinder,
          nzn_winding_woodlands_15x15_five_gardens,
          nzn_winding_woodlands_5x15_parted, nzn_winding_woodlands_5x15_twine,
          nzn_winding_woodlands_5x15_concentric], layout_gridlike,
          serial_bayou_ford_a, grunt_forest_small_clearings
Lair:5:   evilmike_catoblepas_cave, layout_misc_corridors,
          minmay_slime_entry_jelly_boxes, gammafunk_ghost_abyssal_escape,
          kennysheep_snail_temple, lemuel_fruit_fields
Snake:1:  layout_honeycomb, serial_shops, nicolae_shop_bloodbath_and_beyond,
          minmay_shop_grove, uniq_jorgrun
Snake:2:  layout_onion, gammafunk_ghost_grave, nicolae_snake_salamander_fort
Snake:3:  nrook_guardian_serpent_snake_passage, layout_basic, uniq_aizul
Orc:1:    layout_caves, uniq_fannar
Orc:2:    pf_orc_diabolical, layout_diamond_mine, lightli_orcish_oven

Skill      XL: |  1  2  3  4  5  6  7  8  9 10 11 12 13 14 15 16 |
---------------+-------------------------------------------------+-----
Axes           | 4 5 6 7 8 10 12 14 16 18 20 22 23 25 | 25.6
Armour         | 1 2 3 4 5 6 8 10 11 13 14 17 19 21 | 21.2
Fighting       | 4 5 6 7 9 10 12 13 15 17 20 21 | 21.9
Dodging        | |  3.2
Stealth        | |  1.5

Action                   |  1- 3 |  4- 6 |  7- 9 | 10-12 | 13-15 | 16-18 || total
-------------------------+-------+-------+-------+-------+-------+-------++-------
Melee: Hand axe          |    91 |   128 |       |       |       |       ||   219
       Headbutt          |    10 |    32 |    36 |    84 |   184 |    73 ||   419
       War axe           |       |    20 |   196 |   303 |       |       ||   519
       Punch             |       |     2 |     5 |     5 |       |       ||    12
       Battleaxe         |       |       |       |   133 |   697 |   333 ||  1163
       Broad axe         |       |       |       |       |    61 |       ||    61
Invok: Ancestor Life: He |       |       |     1 |       |       |       ||     1
       Ancestor Identity |       |       |     1 |       |       |       ||     1
       Recall Ancestor   |       |       |       |     1 |     2 |       ||     3
Evoke: Wand              |       |       |       |     1 |     2 |       ||     3
  Use: Scroll            |       |     6 |     5 |     4 |    11 |     4 ||    30
       Potion            |       |     3 |     1 |     3 |       |     4 ||    11
 Stab: Sleeping          |     3 |     1 |     1 |       |       |       ||     5
       Confused          |       |       |       |    12 |    15 |     7 ||    34
       Distracted        |       |       |       |     7 |    10 |     9 ||    26
       Paralysed         |       |       |       |       |    14 |    23 ||    37
Armor: Robe              |     8 |       |       |       |       |       ||     8
       Ring mail         |    16 |    56 |   102 |     8 |       |       ||   182
       Plate armour      |       |       |       |   222 |   410 |   218 ||   850
Dodge: Dodged            |    69 |    72 |   154 |   136 |   211 |   130 ||   772
Block: Other             |       |       |       |    65 |   137 |    79 ||   281
       Reflection        |       |       |       |     2 |     3 |    10 ||    15
